 Dungeon Crawl Stone Soup version 0.22-a0-268-g1cc83ef (webtiles) character file.

21 tidbits the Insei (level 2, 20/23 HPs)
             Began as a Gnoll Transmuter on Mar 9, 2018.
             Was a Follower of the Shining One.
             Quit the game on level 2 of the Dungeon.
             The game lasted 00:02:14 (298 turns).

tidbits the Insei (Gnoll Transmuter)                 Turns: 298, Time: 00:02:15

Health: 20/23      AC:  3    Str: 12    XL:     2   Next: 87%
Magic:  6/7        EV: 14    Int: 15    God:    the Shining One [*.....]
Gold:   61         SH:  0    Dex: 15    Spells: 7/10 levels left

rFire    . . .     SeeInvis .     - Unarmed
rCold    . . .     Gourm    .   (no shield)
rNeg     . . .     Faith    .   b - +0 robe
rPois    .         Spirit   .   (no helmet)
rElec    .         Reflect  .   (no cloak)
rCorr    .         Harm     .   (no gloves)
MR       .....                  F - +0 pair of boots (curse)
Stlth    +.........             (no amulet)
HPRegen  0.07/turn              (no ring)
MPRegen  0.10/turn              (no ring)

@: appendage, glowing
A: distributed training, fangs 1, horns 2, strong nose
a: End Transformation, Renounce Religion


You were on level 2 of the Dungeon.
You worshipped the Shining One.
The Shining One was aware of your devotion.
You were not hungry.
You had grown temporary horns.
You visited 1 branch of the dungeon, and saw 3 of its levels.

You collected 61 gold pieces.

Inventory:

Hand Weapons
 f - a cursed -3 dagger
Missiles
 a - 19 arrows
 j - 2 throwing nets (quivered) {!f}
Armour
 b - a +0 robe (worn)
 e - a +0 ring mail
 F - a cursed +0 pair of boots (worn)
Scrolls
 c - 2 scrolls of teleportation {unknown}
 g - 2 scrolls of identify {unknown}
 i - a scroll of remove curse {unknown}
Potions
 h - a potion of lignification {unknown}
Comestibles
 d - 2 rations


   Skills:
 + Level 2.5 Fighting
 + Level 0.5 Short Blades
 + Level 0.5 Long Blades
 + Level 0.5 Axes
 + Level 0.5 Maces & Flails
 + Level 0.5 Polearms
 + Level 0.5 Staves
 + Level 0.5 Slings
 + Level 0.5 Bows
 + Level 0.5 Crossbows
 + Level 0.5 Throwing
 + Level 0.5 Armour
 + Level 4.5 Dodging
 + Level 0.5 Stealth
 + Level 0.5 Shields
 + Level 6.5 Unarmed Combat
 + Level 4.9 Spellcasting
 + Level 0.3 Conjurations
 + Level 0.3 Hexes
 + Level 0.3 Charms
 + Level 0.3 Summonings
 + Level 0.3 Necromancy
 + Level 0.3 Translocations
 + Level 3.7 Transmutations
 + Level 0.3 Fire Magic
 + Level 0.3 Ice Magic
 + Level 0.3 Air Magic
 + Level 0.3 Earth Magic
 + Level 0.3 Poison Magic
 + Level 0.6 Invocations
 + Level 0.5 Evocations


You had 7 spell levels left.
You knew the following spells:

 Your Spells              Type           Power        Failure   Level  Hunger
e - Beastly Appendage     Tmut           ##....       3%          1    None
k - Sticks to Snakes      Tmut           ##......     5%          2    ##.....


Dungeon Overview and Level Annotations

Branches:
Dungeon (3/15)

Altars:
The Shining One


Innate Abilities, Weirdness & Mutations

Your experience applies equally to all skills.
You have very sharp teeth.
Your uncanny sense of smell can sniff out nearby items.
You have a pair of horns on your head.


Message History

Casting: Beastly Appendage (safe; 3% risk of failure)
Confirm with . or Enter, or press ? or * to list all spells.
You grow a pair of large bovine horns.
The bat closely misses you.
Found a stone staircase leading down.
You barely miss the bat. The bat hits you but does no damage.
The bat barely misses you.
You closely miss the bat.
You kill the bat!
You see here a scroll labeled COFOUZXOQE.
g - 2 scrolls labeled COFOUZXOQE (gained 1)
There is a stone staircase leading down here.
You climb downwards.
An adder comes into view.
Found an escape hatch in the ceiling.
There is a stone staircase leading up here.
Your transformation is almost over.
The adder hisses angrily.
The adder barely misses you.
You hit the adder.
The adder is heavily wounded.
The adder misses you.
You barely miss the adder.
The adder is heavily wounded.
The adder barely misses you. The adder bites you.
You closely miss the adder.
The adder is heavily wounded.
The adder misses you.
You hit the adder.
You kill the adder!
There is a stone staircase leading up here.
You climb upwards.
Your horns disappear.
There is a stone staircase leading down here.
Unknown command.
There is a stone staircase leading down here.
You climb downwards.
Found 10 gold pieces and 7 arrows.
There is a stone staircase leading up here.
Unknown command.
Found 21 stones.
You see here 7 arrows.
a - 19 arrows (gained 7)
You open the door.
There is an open door here.
You see here 10 gold pieces.
You now have 28 gold pieces (gained 10).
Found 12 gold pieces.
Found a pair of boots.
You see here 12 gold pieces.
You now have 40 gold pieces (gained 12).
You see here a pair of boots.
j - a pair of boots Wear which item? (? for menu, Esc to quit)
You start putting on your armour.
You continue putting on your pair of boots. x4
You finish putting on your cursed +0 pair of boots.
Oops, that feels deathly cold.
Adjust (i)tems, (s)pells, or (a)bilities?
Adjust which item? (? for menu, Esc to quit)
j - a cursed +0 pair of boots (worn)
Adjust to which letter? (? for menu, Esc to quit)
F - a cursed +0 pair of boots (worn)
Found 15 gold pieces.
Found a stone staircase leading down.
You see here 15 gold pieces.
You now have 55 gold pieces (gained 15).
There is a stone staircase leading down here.
You climb downwards.
Found 19 bolts.
There is a stone staircase leading up here.
Unknown command.
You climb upwards.
There is a stone staircase leading down here.
Unknown command.
Found 6 gold pieces.
You see here 6 gold pieces.
You now have 61 gold pieces (gained 6).
A quokka comes into view.
The quokka moves out of view.
Found 2 throwing nets.
Found a faded altar of an unknown god.
Casting: Beastly Appendage (safe; 3% risk of failure)
Confirm with . or Enter, or press ? or * to list all spells.
You grow a pair of large bovine horns.
The quokka bites you.
You hit the quokka.
You kill the quokka!
Found a hunting sling.
Unknown command.
You see here 2 throwing nets {!f}.
j - 2 throwing nets {!f}
Found a hunting sling and 9 gold pieces.
There is a faded altar of an unknown god here.
You cannot tell which god this altar belongs to.
Convert to them anyway?
Okay, then.
You aren't carrying any pieces of jewellery.
You cannot tell which god this altar belongs to.
Convert to them anyway?
The Shining One accepts your prayer! The Shining One welcomes you!
You and your allies can gain power from killing the unholy and evil.
Are you sure you want to abandon this character and quit the game? (Confirm with "yes".)

.# #### .# ∆ ... $#
##.. )### #... ...#
#.#.#...#...#∆
#.#.#..#.#..#
###.#.#.#.@.#.#
...#.#..#.#..#.
#######..#.#...#.....#
..#...#..#.#)........#
#.#.#.#..#.##..#.###.#
#.#>#.#........#.# #
##.#.#......##.##..
...#.###....##.# ...
.###.#......##.# .#.#


There were no monsters in sight!

Vanquished Creatures
  An adder (D:2)
  2 bats (D:1)
  2 goblins (D:1)
  2 hobgoblins (D:1)
  A quokka (D:2)
  A frilled lizard (D:1)
  3 rats (D:1)
12 creatures vanquished.

Vanquished Creatures (others)
  5 toadstools (D:1)
5 creatures vanquished.

Grand Total: 17 creatures vanquished

Notes
Turn   | Place    | Note
-------+----------+-------------------------------------------
     0 | D:1      | tidbits the Gnoll Transmuter began the quest for the Orb.
     0 | D:1      | Reached XP level 1. HP: 17/17 MP: 6/6
    92 | D:1      | Reached XP level 2. HP: 23/23 MP: 5/7
    96 | D:1      | Learned a level 2 spell: Sticks to Snakes
   288 | D:2      | Found a faded altar of an unknown god.
   297 | D:2      | Became a worshipper of the Shining One
   297 | D:2      | Reached * piety under the Shining One
   298 | D:2      | Quit the game

Vault maps used:
D:1:      ldierk_walled_garden, roderic_three_in_a_row,
          minmay_misc_feat_diagonals
D:2:      chequers_ecumenical_altar_simple_redux
D:3:      trog_wizard

Action                   || total
-------------------------++-------
Melee: Unarmed           ||    23
       Bite              ||     2
       Kick              ||     1
       Headbutt          ||     1
 Cast: Beastly Appendage ||     6
Armor: Robe              ||     1
Dodge: Dodged            ||    10

Table legend:
 A = Spawn XP
 B = Non-spawn XP
 C = Spawn XP percentage of total XP
 D = Spawn monster count
 E = Non-spawn monster count
 F = Spawn count percentage of total count
 G = Total turns spent on level
                    A         B        C        D         E        F      G
               +---------+---------+-------+---------+---------+-------+---------
         Total |       0 |      31 |   0.0 |       0 |      12 |   0.0 |   298
               +---------+---------+-------+---------+---------+-------+---------
           D:1 |       0 |      16 |   0.0 |       0 |      10 |   0.0 |   208
           D:2 |       0 |      15 |   0.0 |       0 |       2 |   0.0 |    88
               +---------+---------+-------+---------+---------+-------+---------

Table legend:
 A = Turns spent in this place as a percentage of turns spent in the entire game.
 B = Non-inter-level travel turns spent in this place as a percentage of non-inter-level travel turns spent in the entire game.
 C = Inter-level travel turns spent in this place as a percentage of turns spent in this place.
 D = Turns resting spent in this place as a percentage of non-inter-level travel turns spent in this place.
 E = Turns spent auto-exploring this place as a percentage of non-inter-level travel turns spent in this place.
 F = Non-inter-level travel turns spent in this place divided by the number of levels of this place that you've seen.
                   A       B       C       D       E      F
               +-------+-------+-------+-------+-------+----------------------
         Total | 100.0 | 100.0 |   0.0 |   0.0 |   0.0 |  99.3
       Dungeon | 100.0 | 100.0 |   0.0 |   0.0 |   0.0 |  99.3
               +-------+-------+-------+-------+-------+----------------------

Table legend:
 A = Kills in this place as a percentage of kills in entire the game.
 B = Kills by you in this place as a percentage of kills by you in the entire game.
 C = Kills by friends in this place as a percentage of kills by friends in the entire game.
 D = Other kills in this place as a percentage of other kills in the entire game.
 E = Experience gained in this place as a percentage of experience gained in the entire game.
 F = Experience gained in this place divided by the number of levels of this place that you have seen.
                   A       B       C       D       E      F
               +-------+-------+-------+-------+-------+----------------------
         Total | 100.0 | 100.0 |   N/A |   N/A | 100.0 |  10.3
       Dungeon | 100.0 | 100.0 |   N/A |   N/A | 100.0 |  10.3
               +-------+-------+-------+-------+-------+----------------------

Vault maps used:
D:1:      ldierk_walled_garden, roderic_three_in_a_row,
          minmay_misc_feat_diagonals
D:2:      chequers_ecumenical_altar_simple_redux
D:3:      trog_wizard
